 Dungeon Crawl Stone Soup version 0.31.0-12-g77e489cdc1 (webtiles) character file.

Game seed: 13446655316739322411

19665 monsoonserge the Grappler (level 12, -7/91 HPs)
             Began as a Gnoll Shapeshifter on Feb 25, 2024.
             Was a Priest of Wu Jian.
             Mangled by a mana viper (13 damage)
             ... led by a naga ritualist
             ... on level 1 of the Snake Pit.
             The game lasted 00:42:21 (13360 turns).

monsoonserge the Grappler (Gnoll Shapeshifter)     Turns: 13360, Time: 00:42:22

Health: -7/91      AC:  7    Str: 19    XL:     12   Next: 71%
Magic:  0/23       EV: 15    Int:  9    God:    Wu Jian [***...]
Gold:   633        SH:  0    Dex: 12    Spells: 23/26 levels left

rFire   . .          .
                       - Unarmed
rCold   + . .        (shield currently unavailable)
rNeg    . . .        q - +2 robe {rC+}
rPois   +            l - +2 hat
rElec   .            w - +0 cloak
rCorr   .            G - melded +1 pair of gloves
SInv    .            M - +0 pair of boots
Will    .....        J - amulet of guardian spirit
Stlth   ++++         F - ring of poison resistance
HPRegen 0.35/turn    (no ring)
MPRegen 0.18/turn

%: guardian spirit
@: mighty, lethally poisoned (-7 -> -9), blade hands
A: reduced hp, fangs 1, strong nose, distributed training
a: Begin Untransformation, Renounce Religion, Wall Jump, Serpent's Lash


You were on level 1 of the Snake Pit.
You worshipped Wu Jian.
Wu Jian was most pleased with you.
You had blades for hands.
You visited 4 branches of the dungeon, and saw 13 of its levels.

You collected 633 gold pieces.

Inventory:

Hand Weapons
 I - a +2 whip of electrocution
Missiles
 f - 2 throwing nets
 i - 2 javelins
 y - 27 poisoned darts
 C - 6 boomerangs
 K - a curare-tipped dart
Armour
 g - a +1 leather armour
 l - a +2 hat (worn)
 q - a +2 robe of cold resistance (worn)
 w - a +0 cloak (worn)
 D - +0 steam dragon scales
 G - a +1 pair of gloves (melded)
 M - a +0 pair of boots (worn)
Jewellery
 F - a ring of poison resistance (left blade hand)
 J - an amulet of guardian spirit (around neck)
Talismans
 c - a beast talisman
 d - a flux talisman
 L - a blade talisman (active)
Wands
 a - a wand of polymorph (10)
 x - a wand of flame (22) (quivered)
 A - a wand of paralysis (2)
 B - a wand of quicksilver (8)
Scrolls
 h - a scroll of poison
 j - 4 scrolls of enchant armour
 n - 3 scrolls of teleportation
 o - 4 scrolls of fear {unknown}
 p - 3 scrolls of fog
 r - a scroll of enchant weapon
 t - a scroll of blinking
 z - a scroll of torment
 N - 2 scrolls of immolation
 O - a scroll of acquirement {unknown}
 P - a scroll of noise {unknown}
Potions
 b - a potion of lignification
 e - 5 potions of curing
 k - a potion of magic
 m - a potion of attraction
 s - 3 potions of haste
 u - 2 potions of enlightenment
 E - a potion of mutation {unknown}
 H - a potion of heal wounds {unknown}


   Skills:
 + Level 8.3 Fighting
 + Level 7.8 Short Blades
 + Level 7.8 Long Blades
 + Level 7.8 Axes
 + Level 7.8 Maces & Flails
 + Level 7.8 Polearms
 + Level 7.8 Staves
 + Level 7.8 Ranged Weapons
 + Level 7.8 Throwing
 + Level 7.8 Armour
 + Level 9.1 Dodging
 + Level 7.8 Stealth
 + Level 7.8 Shields
 + Level 10.2 Unarmed Combat
 + Level 7.8 Spellcasting
 + Level 6.5 Conjurations
 + Level 6.5 Hexes
 + Level 6.5 Summonings
 + Level 6.5 Necromancy
 + Level 6.5 Translocations
 + Level 6.5 Fire Magic
 + Level 6.5 Ice Magic
 + Level 6.5 Air Magic
 + Level 6.5 Earth Magic
 + Level 6.5 Alchemy
 + Level 8.6 Invocations
 + Level 7.8 Evocations
 + Level 9.7 Shapeshifting


You had 23 spell levels left.
You knew the following spells:

 Your Spells              Type           Power      Damage    Failure   Level
a - Fugue of the Fallen   Necr           15%        N/A       3%          3

Your spell library contained the following spells:

 Spells                   Type           Power      Damage    Failure   Level
 Ensorcelled Hibernation  Hex/Ice        30%        N/A       1%          2
 Lesser Beckoning         Tloc           30%        N/A       1%          2
 Gell's Gravitas          Tloc           15%        N/A       3%          3
 Ozocubu's Armour         Ice            15%        N/A       3%          3
 Teleport Other           Tloc           15%        N/A       3%          3
 Tukima's Dance           Hex            15%        N/A       3%          3
 Anguish                  Hex/Necr       7%         N/A       13%         4
 Dimensional Bullseye     Hex/Tloc       7%         N/A       13%         4
 Iskenderun's Mystic Bla  Conj/Tloc      15%        2d5       13%         4
 Manifold Assault         Tloc           15%        N/A       13%         4
 Chain Lightning          Conj/Air       7%         3d10      100%        9
 Fire Storm               Conj/Fire      7%         8d2       100%        9
 Shatter                  Erth           7%         3d10*     100%        9


Dungeon Overview and Level Annotations

Branches:
Dungeon (9/15)             Temple (1/1) D:7            Lair (2/5) D:8
  Swamp (0/4) Lair:2        Snake (1/4) Lair:2          Orc (0/2) D:9

Altars:
Ashenzari
Cheibriados
Dithmenos
Elyvilon
Fedhas
Gozag
Hepliaklqana
Kikubaaqudgha
Makhleb
Nemelex Xobeh
Okawaru
Qazlal
Ru
Sif Muna
Trog
Uskayaw
Wu Jian
Xom
Zin
The Shining One
Lugonu

Shops:
D:4 (   D:6 [

Portals:
Abyss: D:3

Annotations:
D:3 1 runed translucent door, Gadfly's ghost, amateur DEAl
D:6 Jeremiah
Lair:1 1 runed translucent door, spaghetti's ghost, journeyman DsFi
Lair:2 2 transporters, bearlyready's ghost, journeyman GnEE


Innate Abilities, Weirdness & Mutations

You have blades for hands.
Your maximum health is decreased, since you lack skill for your form.
You are incapable of wielding weapons or throwing items.
You have very sharp teeth.
Your uncanny sense of smell can sniff out nearby items.
Your experience applies equally to all skills.


Message History

The naga ritualist is moderately wounded.
The black mamba completely misses you.
The naga ritualist mumbles some strange prayers to its god.
The naga ritualist begins to radiate toxic energy.
You are poisoned.
You hit the mana viper. Your slash misses the mana viper.
The mana viper is lightly wounded.
You feel sick.
You are more poisoned.
Aiming: Quicksilver Bolt
Press: ? - help, Shift-Dir - straight line, f/p - naga ritualist
Aim: a naga ritualist, wielding a +0 war axe and wearing a +0 robe (moderately wounded, radiating toxic energy, 74% to hit)
The bolt of dispelling energy hits the mana viper!
The mana viper is heavily wounded.
The bolt of dispelling energy misses the mana viper.
The bolt of dispelling energy hits the black mamba!!
The black mamba is heavily wounded.
The bolt of dispelling energy hits the naga!!
The naga is almost dead.
The bolt of dispelling energy misses the naga ritualist.
You feel sick.
You are more poisoned.
The mana viper closely misses you. The mana viper bites you!
* * * LOW HITPOINT WARNING * * *
You feel your power leaking away.
Aiming: Quicksilver Bolt
Press: ? - help, Shift-Dir - straight line, f/p - naga ritualist
Aim: a naga ritualist, wielding a +0 war axe and wearing a +0 robe (moderately wounded, radiating toxic energy, 74% to hit)
The bolt of dispelling energy misses the mana viper.
The bolt of dispelling energy misses the naga.
The bolt of dispelling energy hits the naga ritualist!
The naga ritualist is heavily wounded.
The naga ritualist's magical effects unravel!
You feel sick. The mana viper closely misses you. The mana viper bites you!!
* * * LOW HITPOINT WARNING * * *
Unknown command.
It was a potion of might.
You feel very mighty all of a sudden.
You feel sick. The mana viper bites you!
You die...

.... #.... .....
#..... ###...... .
###........ ..
###..)....... #.#
##............
#...#S@...........
#..NS............
....N.###.<....#.###
####. ###........ ..
####..#... .. ### ..
.. . .


You could see a naga ritualist, 2 mana vipers and a naga.

Vanquished Creatures
  A hydra (Lair:2)
  A catoblepas (Lair:2)
  A two-headed ogre (D:8)
  A goliath frog (Lair:2)
  Pikel (D:8)
  A salamander (Snake:1)
  Maurice (D:8)
  2 black mambas
  9 cane toads
  A rime drake (Lair:2)
  4 komodo dragons
  A troll (D:9)
  2 hornets
  5 blink frogs
  Prince Ribbit (D:7)
  26 yaks
  A wyvern (D:8)
  3 basilisks (Lair:2)
  A steam dragon (D:7)
  9 water moccasins
  A black bear (Lair:1)
  3 orc warriors
  2 sky beasts (D:7)
  An ogre (D:4)
  9 wolves (Lair:2)
  3 centaurs (D:8)
  2 lemures (D:8)
  3 phantoms
  3 kobold brigands
  6 bullfrogs
  A gnoll sergeant (D:8)
  6 scorpions
  3 electric eels (Lair:1)
  2 howler monkeys
  2 quasits (D:4)
  7 hounds
  3 jellies
  3 orc priests
  5 iguanas
  Terence (D:3)
  12 orc wizards
  7 hell rats (Lair:1)
  9 gnolls
  8 adders
  8 shadow imps
  4 white imps
  2 ufetubi (D:4)
  2 dart slugs (D:5)
  3 ribbon worms
  33 orcs
  9 ball pythons
  12 bats
  7 endoplasms
  3 giant cockroaches
  7 goblins
  5 hobgoblins
  4 jackals (D:2)
  18 kobolds
  5 quokkas
  3 frilled lizards
  5 rats
304 creatures vanquished.

Notes
Turn   | Place    | Note
-------+----------+-------------------------------------------
     0 | D:1      | monsoonserge the Gnoll Shapeshifter began the quest for the
                  | Orb.
     0 | D:1      | Reached XP level 1. HP: 17/17 MP: 1/1
   210 | D:1      | Reached XP level 2. HP: 23/23 MP: 2/2
   483 | D:1      | Reached XP level 3. HP: 24/28 MP: 3/3
   842 | D:2      | Reached skill level 1 in Invocations
  1068 | D:2      | Reached skill level 1 in Short Blades
  1068 | D:2      | Reached skill level 1 in Long Blades
  1068 | D:2      | Reached skill level 1 in Axes
  1068 | D:2      | Reached skill level 1 in Maces & Flails
  1068 | D:2      | Reached skill level 1 in Polearms
  1068 | D:2      | Reached skill level 1 in Staves
  1068 | D:2      | Reached skill level 1 in Ranged Weapons
  1068 | D:2      | Reached skill level 1 in Throwing
  1068 | D:2      | Reached skill level 1 in Armour
  1068 | D:2      | Reached skill level 1 in Stealth
  1068 | D:2      | Reached skill level 1 in Shields
  1068 | D:2      | Reached skill level 1 in Spellcasting
  1068 | D:2      | Reached skill level 1 in Evocations
  1114 | D:2      | Reached XP level 4. HP: 32/34 MP: 5/5
  1147 | D:2      | Found a faded altar of an unknown god.
  1247 | D:2      | Reached skill level 1 in Conjurations
  1247 | D:2      | Reached skill level 1 in Hexes
  1247 | D:2      | Reached skill level 1 in Summonings
  1247 | D:2      | Reached skill level 1 in Necromancy
  1247 | D:2      | Reached skill level 1 in Translocations
  1247 | D:2      | Reached skill level 1 in Fire Magic
  1247 | D:2      | Reached skill level 1 in Ice Magic
  1247 | D:2      | Reached skill level 1 in Air Magic
  1247 | D:2      | Reached skill level 1 in Earth Magic
  1247 | D:2      | Reached skill level 1 in Alchemy
  1345 | D:3      | Found a large runed translucent door.
  1345 | D:3      | Found a corrupted altar of Lugonu.
  1345 | D:3      | Found a large runed translucent door.
  1477 | D:3      | Found a runed translucent door.
  1606 | D:3      | Noticed Terence
  1732 | D:3      | Killed Terence
  1733 | D:3      | Reached XP level 5. HP: 22/40 MP: 5/7
  2082 | D:3      | Noticed Gadfly's ghost (amateur DEAl)
  2137 | D:3      | Found a one-way gate to the infinite horrors of the Abyss.
  2239 | D:4      | Found Voewy's Weapon Boutique.
  2363 | D:4      | Reached XP level 6. HP: 45/47 MP: 8/8
  2374 | D:4      | Reached skill level 5 in Dodging
  2922 | D:4      | Reached skill level 7 in Unarmed Combat
  2922 | D:4      | Reached XP level 7. HP: 43/52 MP: 10/10
  3572 | D:5      | Entered Level 5 of the Dungeon
  3916 | D:5      | Reached XP level 8. HP: 60/60 MP: 12/12
  4929 | D:6      | Reached XP level 9. HP: 62/66 MP: 14/14
  5024 | D:6      | Found Tuist's Armour Emporium.
  5475 | D:7      | Found a hazy altar of Hepliaklqana.
  5544 | D:7      | Reached skill level 5 in Fighting
  5877 | D:7      | Found a staircase to the Ecumenical Temple.
  5986 | D:7      | Reached skill level 8 in Unarmed Combat
  6296 | D:6      | Noticed Jeremiah
  6935 | D:8      | Noticed a hornet
  6937 | D:8      | Reached skill level 5 in Invocations
  6945 | D:8      | Paralysed by a hornet for 3 turns
  6946 | D:8      | Noticed Prince Ribbit
  6951 | D:8      | Killed a hornet
  6973 | D:7      | Killed Prince Ribbit
  7246 | D:8      | Noticed Maurice
  7258 | D:8      | Maurice stole a flux talisman
  7262 | D:8      | Something stole 3 boomerangs
  7266 | D:8      | Maurice stole 345 gold
  7270 | D:8      | Killed Maurice
  7271 | D:8      | Reached skill level 5 in Short Blades
  7271 | D:8      | Reached skill level 5 in Long Blades
  7271 | D:8      | Reached skill level 5 in Axes
  7271 | D:8      | Reached skill level 5 in Maces & Flails
  7271 | D:8      | Reached skill level 5 in Polearms
  7271 | D:8      | Reached skill level 5 in Staves
  7271 | D:8      | Reached skill level 5 in Ranged Weapons
  7271 | D:8      | Reached skill level 5 in Throwing
  7271 | D:8      | Reached skill level 5 in Armour
  7271 | D:8      | Reached skill level 5 in Stealth
  7271 | D:8      | Reached skill level 5 in Shields
  7271 | D:8      | Reached skill level 5 in Spellcasting
  7271 | D:8      | Reached skill level 5 in Evocations
  7271 | D:8      | Reached XP level 10. HP: 42/76 MP: 17/17
  7705 | D:8      | Found a staircase to the Lair.
  7712 | D:8      | Noticed a two-headed ogre
  7721 | D:8      | Killed a two-headed ogre
  7815 | Temple   | Entered the Ecumenical Temple
  7828 | Temple   | Became a worshipper of the Wu Jian Council
  8190 | D:8      | Noticed Pikel
  8208 | D:8      | Killed Pikel
  8574 | D:8      | Reached * piety under Wu Jian
  9060 | D:9      | Learned a level 3 spell: Fugue of the Fallen
  9195 | D:9      | Reached skill level 9 in Unarmed Combat
  9200 | D:9      | Reached skill level 5 in Conjurations
  9200 | D:9      | Reached skill level 5 in Hexes
  9200 | D:9      | Reached skill level 5 in Summonings
  9200 | D:9      | Reached skill level 5 in Necromancy
  9200 | D:9      | Reached skill level 5 in Translocations
  9200 | D:9      | Reached skill level 5 in Fire Magic
  9200 | D:9      | Reached skill level 5 in Ice Magic
  9200 | D:9      | Reached skill level 5 in Air Magic
  9200 | D:9      | Reached skill level 5 in Earth Magic
  9200 | D:9      | Reached skill level 5 in Alchemy
  9208 | D:9      | Reached XP level 11. HP: 54/83 MP: 14/20
  9422 | D:9      | Found a broken altar of Ashenzari.
  9431 | D:9      | Found a blossoming altar of Fedhas.
  9435 | D:9      | Found a shadowy altar of Dithmenos.
  9435 | D:9      | Found an ancient bone altar of Kikubaaqudgha.
  9448 | D:9      | Found a bloodstained altar of Trog.
  9647 | D:9      | Found a staircase to the Orcish Mines.
  9712 | Lair:1   | Entered Level 1 of the Lair of Beasts
  9848 | Lair:1   | Reached ** piety under Wu Jian
 10026 | Lair:1   | You fall into a shaft and drop 1 floor!
 10051 | Lair:2   | Noticed a goliath frog
 10055 | Lair:2   | Killed a goliath frog
 10055 | Lair:2   | Noticed a catoblepas
 10055 | Lair:2   | Noticed a six-headed hydra
 10493 | Lair:2   | Killed a six-headed hydra
 10963 | Lair:2   | Reached XP level 12. HP: 61/91 MP: 15/22
 10967 | Lair:2   | Killed a catoblepas
 11118 | Lair:2   | Noticed an eight-headed hydra
 11120 | Lair:2   | Found a transporter.
 11125 | Lair:2   | Noticed bearlyready's ghost (journeyman GnEE)
 12072 | Lair:1   | Found a runed translucent door.
 12074 | Lair:1   | Noticed spaghetti's ghost (journeyman DsFi)
 12076 | Lair:1   | Identified the +5 spear of Purpose {heavy, rF+ rN++ rCorr
                  | Int-2}
 12253 | Lair:1   | Reached skill level 10 in Unarmed Combat
 12697 | Lair:2   | Reached *** piety under Wu Jian
 12735 | Lair:2   | Found a staircase to the Snake Pit.
 13117 | Lair:2   | Found a staircase to the Swamp.
 13156 | Lair:2   | Found a transporter.
 13325 | Snake:1  | Entered Level 1 of the Snake Pit
 13360 | Snake:1  | Mangled by a mana viper

Illustrated notes

Levels and vault maps discovered:
D:1:      wheals_arrival_shading, layout_loops_ring
D:2:      layout_rooms, ebering_ecumenical_altar_rust
D:3:      due_chaos_kobolds, layout_rooms, ebering_ghost_inner_flame,
          amcnicky_mini_pool_small, nicolae_titane, uniq_terence
D:4:      layout_loops_ring, serial_demonic, serial_demonic_d, serial_demonic_e,
          serial_demonic_f, serial_demonic_b, nicolae_stop_n_shop_2,
          minmay_unequal
D:5:      layout_cave_pools, minmay_joined_circles
D:6:      layout_basic, serial_shops, nicolae_shop_competitors_out_of_business,
          uniq_jeremiah
D:7:      layout_gridville, mainiacjoe_overflow_small_starburst,
          minmay_temple_entry_large_hall
D:8:      layout_loops_corners, lair_entry_dummy, hangedman_decor_push,
          uniq_prince_ribbit1, uniq_pikel, uniq_maurice
D:9:      layout_loops_ring, amcnicky_altar_gilded,
          nicolae_overflow_hallway_of_the_gods, david_orc_2
Temple:   nicolae_temple_ecumenical_triangle
Lair:1:   layout_concentric_octagons, serial_bayou, serial_bayou_shore_b,
          serial_bayou_lagoon_a, serial_bayou_lagoon_b, serial_bayou_crossing,
          ebering_ghost_funeral_grove
Lair:2:   layout_gridlike, mainiacjoe_swamp_entry_lozenge_pond,
          dummy_snake_entry, gammafunk_ghost_arena
Snake:1:  layout_chambers, portal_ice_cave_entry_pillars_four,
          serial_bayou_shore_a

Skill      XL: |  1  2  3  4  5  6  7  8  9 10 11 12 |
---------------+-------------------------------------+-----
Invocations    | 1 2 3 4 5 6 7 8 |  8.6
Short Blades   | 1 2 3 5 6 7 |  7.8
Long Blades    | 1 2 3 5 6 7 |  7.8
Axes           | 1 2 3 5 6 7 |  7.8
Maces & Flails | 1 2 3 5 6 7 |  7.8
Polearms       | 1 2 3 5 6 7 |  7.8
Staves         | 1 2 3 5 6 7 |  7.8
Ranged Weapons | 1 2 3 5 6 7 |  7.8
Throwing       | 1 2 3 5 6 7 |  7.8
Armour         | 1 2 3 5 6 7 |  7.8
Stealth        | 1 2 3 5 6 7 |  7.8
Shields        | 1 2 3 5 6 7 |  7.8
Spellcasting   | 1 2 3 5 6 7 |  7.8
Evocations     | 1 2 3 5 6 7 |  7.8
Conjurations   | 1 2 3 4 5 6 |  6.5
Hexes          | 1 2 3 4 5 6 |  6.5
Summonings     | 1 2 3 4 5 6 |  6.5
Necromancy     | 1 2 3 4 5 6 |  6.5
Translocations | 1 2 3 4 5 6 |  6.5
Fire Magic     | 1 2 3 4 5 6 |  6.5
Ice Magic      | 1 2 3 4 5 6 |  6.5
Air Magic      | 1 2 3 4 5 6 |  6.5
Earth Magic    | 1 2 3 4 5 6 |  6.5
Alchemy        | 1 2 3 4 5 6 |  6.5
Fighting       | 3 4 5 6 7 8 |  8.3
Dodging        | 5 6 7 8 9 |  9.1
Unarmed Combat | 7 8 9 10 | 10.2
Shapeshifting  | 7 8 9 |  9.7

Action                     |  1- 3 |  4- 6 |  7- 9 | 10-12 || total
---------------------------+-------+-------+-------+-------++-------
  Melee: Unarmed           |   108 |   193 |   369 |   563 ||  1233
         Bite              |     7 |    22 |    47 |    78 ||   154
         Punch             |     1 |       |       |    10 ||    11
Ability: Lunge             |       |       |       |    34 ||    34
         Whirlwind         |       |       |       |   114 ||   114
  Evoke: Wand              |       |       |     3 |    15 ||    18
    Use: Scroll            |     3 |     4 |     2 |     6 ||    15
         Potion            |       |       |       |     3 ||     3
   Stab: Sleeping          |       |       |     1 |     1 ||     2
         Distracted        |       |       |       |     1 ||     1
 Armour: Animal skin       |     2 |       |       |       ||     2
         Leather armour    |    12 |       |       |       ||    12
         Skin              |    13 |    78 |   145 |   176 ||   412
         Robe              |       |       |       |    71 ||    71
  Dodge: Dodged            |    75 |   163 |   265 |   316 ||   819
   Form: Flux              |     1 |       |       |     3 ||     4
         Blade             |       |       |       |     4 ||     4
